 Dungeon Crawl Stone Soup version 0.29-a0-847-g24c0ca63c9 (webtiles) character file.

Game seed: 11309803809427078854

5330 DungeonMaster the Fighter (level 10, -5/83 HPs)
             Began as a Demonspawn Wanderer on July 16, 2022.
             Was an Initiate of Gozag.
             Slain by a death knight
             ... wielding a +1 glaive of venom
              (23 damage)
             ... on level 9 of the Dungeon.
             The game lasted 00:28:20 (12008 turns).

DungeonMaster the Fighter (Demonspawn Wanderer)    Turns: 12008, Time: 00:28:21

Health: -5/83      AC: 15    Str: 16    XL:     10   Next: 38%
Magic:  11/11      EV: 19    Int: 17    God:    Gozag
Gold:   114        SH: 12    Dex: 33    Spells: 10/11 levels left

rFire   + . .      SeeInvis +   s - +0 dagger (venom)
rCold   + . .      Faith    .   o - +6 buckler of Activism {rC+ Will- Str-2 Dex+9}
rNeg    . . .      Spirit   .   r - +3 ring mail {Will+}
rPois   .          Reflect  .   h - +1 hat
rElec   .          Harm     .   (no cloak)
rCorr   .          Rampage  .   B - +0 pair of gloves
Will    .....                   (no boots)
Stlth   +++.......              (no amulet)
HPRegen 0.23/turn               t - +6 ring of dexterity
MPRegen 0.12/turn               l - ring "Axkal" {rF+ Int+4 Dex+6 SInv}

@: lethally poisoned (-5 -> -14)
A: molten scales 2, powered by death 1, demonic magic 2
a: Renounce Religion, Potion Petition, Call Merchant, Bribe Branch


You were on level 9 of the Dungeon.
You worshipped Gozag.
Gozag was aware of your devotion.
You visited 2 branches of the dungeon, and saw 10 of its levels.
You also visited: Ossuary.

You collected 989 gold pieces.
You spent 323 gold pieces at shops.
You paid 552 gold pieces to Gozag.

Inventory:

Hand Weapons
 a - a +4 vorpal hand axe
 d - a +0 scimitar of flaming
 s - a +0 dagger of venom (weapon)
Missiles
 y - 7 boomerangs (quivered)
Armour
 h - a +1 hat (worn)
 o - the +6 buckler of Activism (worn) {rC+ Will- Str-2 Dex+9}
   (You bought it in a shop on level 9 of the Dungeon)

   Str:       It affects your strength (-2).
   Dex:       It affects your dexterity (+9).
   rC:        It protects you from cold.
   Will:      It decreases your willpower.
 r - a +3 ring mail of willpower (worn)
 B - a +0 pair of gloves (worn)
Magical Staves
 c - a staff of poison
Jewellery
 j - a ring of resist corrosion
 k - a ring of positive energy
 l - the ring "Axkal" (right hand) {rF+ Int+4 Dex+6 SInv}
   (You found it on level 2 of the Dungeon)

   [ring of dexterity]

   Int:       It affects your intelligence (+4).
   Dex:       It affects your dexterity (+6).
   rF:        It protects you from fire.
   SInv:      It lets you see invisible.
 n - a ring of protection from fire
 t - a +6 ring of dexterity (left hand)
 A - a +6 ring of strength
Wands
 b - a wand of flame (3)
 q - a wand of digging (6)
Scrolls
 e - a scroll of teleportation
 m - 2 scrolls of immolation
 p - 4 scrolls of identify
 u - 2 scrolls of fog
 v - 2 scrolls of fear
 w - a scroll of amnesia
 C - 4 scrolls of poison
Potions
 f - 4 potions of brilliance
 g - 4 potions of flight
 i - a potion of resistance
 x - 4 potions of mutation
 z - 4 potions of lignification
 D - 3 potions of curing
 E - a potion of heal wounds
 F - a potion of magic
 G - a potion of cancellation


   Skills:
 * Level 9.0 Fighting
 - Level 2.6 Axes
 - Level 2.6 Throwing
 - Level 7.5 Armour
 * Level 8.2 Dodging
 * Level 3.2 Stealth
 - Level 1.0 Spellcasting
 - Level 1.0 Poison Magic
 - Level 1.0 Evocations


You had 10 spell levels left.
You knew the following spells:

 Your Spells              Type           Power      Damage    Failure   Level
a - Sting                 Tmut/Pois      8%         1d3       38%         1

Your spell library contained the following spells:

 Spells                   Type           Power      Damage    Failure   Level
 Poisonous Vapours        Pois/Air       4%         N/A       52%         2
 Ensorcelled Hibernation  Hex/Ice        0%         N/A       58%         2
 Passwall                 Tmut/Erth      0%         N/A       58%         2
 Ignite Poison            Fire/Tmut/Pois 1%         N/A       78%         3
 Conjure Flame            Conj/Fire      0%         6-21      83%         3
 Swiftness                Air            0%         N/A       83%         3
 Olgreb's Toxic Radiance  Pois           4%         N/A       97%         4
 Anguish                  Hex/Necr       0%         N/A       99%         4
 Leda's Liquefaction      Hex/Erth       0%         N/A       99%         4
 Sticky Flame             Conj/Fire      0%         2d3       99%         4
 Lee's Rapid Deconstruct  Erth           0%         3d5*      100%        5
 Statue Form              Tmut/Erth      0%         N/A       100%        6
 Enfeeble                 Hex            0%         N/A       100%        7


Dungeon Overview and Level Annotations

Branches:
Dungeon (9/15)             Temple (1/1) D:5            Lair (0/6) D:8
    Orc (0/2) D:9         Ossuary (visited)

Altars:
Ashenzari
Cheibriados
Dithmenos
Fedhas
Gozag
Hepliaklqana
Kikubaaqudgha
Okawaru
Qazlal
Ru
Trog
Uskayaw
Wu Jian

Shops:
D:9 [

Annotations:
D:8 Gastronok
D:9 exclusions: wizard and 1 more exclusion


Innate Abilities, Weirdness & Mutations

You are mostly covered in molten scales. (AC +3)
You regenerate a little health from kills.
Spells you cast may paralyse nearby enemies.


Message History

Level annotation: exclusions: wizard and 1 more exclusion
There is a stone staircase leading up here.
Okay, then.
Okay, then.
The death knight offers itself to Yredelemnul, and fills with unholy energy.
You block the death knight's attack.
You hit the death knight but do no damage.
The death knight is poisoned.
The death knight completely misses you.
You barely miss the death knight.
The death knight hits you with a +1 glaive of venom!!
You are poisoned.
The death knight reflects your damage back at you!
You barely miss the death knight.
The death knight is lightly wounded.
You feel extremely sick. The death knight closely misses you.
The death knight reflects your damage back at you!
You hit the death knight but do no damage.
The death knight looks as sick as possible!
The death knight is lightly wounded.
You feel extremely sick. The death knight closely misses you.
The death knight reflects your damage back at you!
You hit the death knight but do no damage.
The death knight looks as sick as possible!
The death knight is lightly wounded.
You feel very sick. The death knight closely misses you.
The death knight reflects your damage back at you!
You feel very sick.
The death knight's dark mirror aura disappears.
The death knight closely misses you.
The death knight reflects your damage back at you!
* * * LOW HITPOINT WARNING * * *
You feel very sick.
There is a stone staircase leading up here.
You feel very sick.
The death knight hits you from afar with a +1 glaive of venom!!
You die...
Your body crumbles into a pile of gold.

........#'####...#
........#....#...#
........#....#...#
........#....#...#
........#....#...#
>.......#....#...#
........######..p#
..#####..........#
..# ######....@#
#.# #.....# #.#
#.....# # #.....##
# +......# #
#......# #
#......# #
#......# #
######......#


You could see a death knight (extremely poisoned).

Vanquished Creatures
  A two-headed ogre (D:9)
  Erica (D:8)
  A wizard (D:9)
  Joseph (D:8)
  Prince Ribbit (D:8)
  A troll (D:9)
  A wraith (Ossuary)
  A spriggan (D:8)
  A wyvern (D:8)
  Eustachio (D:5)
  A water moccasin (D:7)
  2 orc warriors (D:8)
  A sky beast (D:7)
  A black bear (D:8)
  2 ice beasts
  An ogre (D:5)
  2 centaurs
  Blork the orc (D:6)
  3 bullfrogs
  A gnoll sergeant (D:7)
  3 scorpions
  5 wights (D:8)
  3 killer bees (D:8)
  5 howler monkeys
  2 jellies
  4 hounds
  3 orc priests
  An iguana (D:6)
  5 orc wizards
  A mummy (Ossuary)
  5 adders
  2 gnolls (D:7)
  3 white imps
  An ufetubus (D:5)
  4 worms
  4 dart slugs
  30 orcs
  6 bats
  8 endoplasms
  2 giant cockroaches
  5 goblins
  4 hobgoblins
  4 jackals (D:2)
  2 quokkas (D:1)
  10 ball pythons
  2 frilled lizards (D:2)
  4 gnoll skeletons (Ossuary)
  6 kobolds
  7 kobold skeletons (Ossuary)
  9 orc skeletons (Ossuary)
  4 rats
  2 butterflies (D:5)
181 creatures vanquished.

Vanquished Creatures (collateral kills)
  2 gnoll skeletons (Ossuary)
  3 orc skeletons (Ossuary)
5 creatures vanquished.

Vanquished Creatures (others)
  A wizard (D:3)
  A human (D:7)
  10 plants (D:9)
12 creatures vanquished.

Grand Total: 198 creatures vanquished

Notes
Turn   | Place    | Note
-------+----------+-------------------------------------------
     0 | D:1      | DungeonMaster the Demonspawn Wanderer began the quest for
                  | the Orb.
     0 | D:1      | DungeonMaster set off with the following items: a +2 hand
                  | axe, 12 poisoned darts, a +0 dagger, a potion of heal
                  | wounds, a +0 leather armour; and the following spell
                  | memorised: Sting; and the following spells available to
                  | memorise: Ignite Poison.
     0 | D:1      | Reached XP level 1. HP: 13/13 MP: 2/2
   956 | D:1      | Gained mutation: You are partially covered in molten
                  | scales. (AC +2) [demonic ancestry]
   956 | D:1      | Reached XP level 2. HP: 7/20 MP: 3/3
  1344 | D:1      | Reached skill level 1 in Fighting
  1460 | D:1      | Reached skill level 1 in Armour
  1460 | D:1      | Reached skill level 1 in Dodging
  1963 | D:1      | Reached XP level 3. HP: 26/26 MP: 4/4
  2568 | D:2      | Identified the ring "Axkal" {rF+ Int+4 Dex+6 SInv}
  3039 | D:2      | Gained mutation: Spells you cast may paralyse adjacent
                  | enemies. [demonic ancestry]
  3039 | D:2      | Reached XP level 4. HP: 33/33 MP: 5/5
  3070 | D:2      | Reached skill level 2 in Fighting
  3074 | D:2      | Found a faded altar of an unknown god.
  3707 | D:3      | Gained mutation: Spells you cast may paralyse nearby
                  | enemies. [demonic ancestry]
  3707 | D:3      | Reached XP level 5. HP: 38/39 MP: 6/6
  4090 | D:3      | Found a bloodstained altar of Trog.
  4093 | D:3      | Noticed a wizard
  4099 | D:3      | Killed a wizard
  4837 | D:4      | Reached skill level 3 in Fighting
  4968 | D:4      | Reached XP level 6. HP: 47/47 MP: 7/7
  5375 | D:5      | Entered Level 5 of the Dungeon
  5529 | D:5      | HP: 1/47 [ogre/+0 giant spiked club (29)]
  5942 | D:5      | Noticed an ice beast
  5956 | D:5      | Killed an ice beast
  5957 | D:5      | Reached skill level 4 in Fighting
  5957 | D:5      | Gained mutation: You are mostly covered in molten scales.
                  | (AC +3) [demonic ancestry]
  5957 | D:5      | Reached XP level 7. HP: 26/54 MP: 8/8
  6521 | D:5      | Found a staircase to the Ecumenical Temple.
  6559 | D:5      | Noticed Eustachio
  6571 | D:5      | Killed Eustachio
  6667 | Temple   | Entered the Ecumenical Temple
  6718 | Temple   | Became a worshipper of Gozag Ym Sagoz the Greedy
  7187 | D:6      | Found a sand-covered staircase.
  7196 | Ossuary  | Entered an ossuary
  7196 | Ossuary  | Noticed a wraith
  7196 | Ossuary  | Noticed a wraith
  7196 | Ossuary  | Noticed a wraith
  7269 | Ossuary  | Noticed a wraith
  7292 | Ossuary  | Killed a wraith
  7293 | Ossuary  | Reached skill level 5 in Fighting
  7544 | D:6      | Noticed Blork the orc
  7554 | D:6      | Killed Blork the orc
  7555 | D:6      | Reached XP level 8. HP: 62/62 MP: 9/9
  7855 | D:7      | Reached skill level 5 in Dodging
  7862 | D:7      | Reached skill level 5 in Armour
  7958 | D:7      | Found an ancient bone altar of Kikubaaqudgha.
  8482 | D:7      | Reached skill level 6 in Fighting
  8552 | D:7      | Found a hazy altar of Hepliaklqana.
  8846 | D:8      | Noticed Joseph
  8848 | D:8      | Noticed Erica
  8881 | D:8      | Reached XP level 9. HP: 32/71 MP: 10/10
  8882 | D:8      | Killed Joseph
  8883 | D:8      | Reached skill level 7 in Fighting
  9278 | D:8      | Killed Erica
  9881 | D:8      | Reached skill level 8 in Fighting
 10278 | D:8      | Found a hide-covered altar of Uskayaw.
 10292 | D:8      | Found a staircase to the Lair.
 10316 | D:8      | Noticed Gastronok
 10532 | D:8      | Found a broken altar of Ashenzari.
 10648 | D:8      | Noticed Prince Ribbit
 10661 | D:8      | Killed Prince Ribbit
 10662 | D:8      | Gained mutation: You regenerate a little health from kills.
                  | [demonic ancestry]
 10662 | D:8      | Reached XP level 10. HP: 64/80 MP: 11/11
 10928 | D:8      | Found a blossoming altar of Fedhas.
 10993 | D:9      | Bought a shimmering buckler for 323 gold pieces
 10993 | D:9      | Identified the +6 buckler of Activism {rC+ Will- Str-2
                  | Dex+9} (You bought it in a shop on level 9 of the Dungeon)
 11051 | D:9      | Found a staircase to the Orcish Mines.
 11211 | D:9      | Noticed a wizard
 11260 | D:9      | Noticed a two-headed ogre
 11269 | D:9      | Killed a two-headed ogre
 11288 | D:9      | Noticed a death knight
 11290 | D:9      | Killed a wizard
 11627 | D:9      | Reached skill level 9 in Fighting
 12008 | D:9      | Slain by a death knight

Illustrated notes

Levels and vault maps discovered:
D:1:      onia_arrival_mini_spirals, layout_basic
D:2:      layout_loops_ring, ebering_ecumenical_altar_webs
D:3:      layout_basic, trog_wizard, kennysheep_path_1
D:4:      layout_basic
D:5:      layout_loops_ring, minmay_temple_entry_butterflies,
          corexii_corridor_pit, glass_columns_b, minmay_pentangle,
          uniq_eustachio
D:6:      layout_cave_pools, nicolae_ossuary_entry_ruins, nicolae_benzene_ring,
          uniq_blork_the_orc
D:7:      hellmonk_crumbling_castle, layout_loops_ring, tgw_kikubaaqudgha,
          lemuel_doored_altar
D:8:      layout_basic, nicolae_overflow_hidden_temple,
          nicolae_uskayaw_suspiria, lair_entry_dummy, the_hattery, uniq_erica,
          uniq_prince_ribbit1, uniq_joseph, uniq_gastronok
D:9:      minmay_distorted_concentric_squares, layout_irregular_city,
          nicolae_elyvilon_temple_path
Temple:   bh_familiar_temple

Skill      XL: |  1  2  3  4  5  6  7  8  9 10 |
---------------+-------------------------------+-----
Fighting       | 1 2 3 4 5 6 8 9 |  9.0
Armour         | 1 2 3 4 6 7 |  7.5
Dodging        | 1 2 3 4 6 7 8 |  8.2
Stealth        | 3 |  3.2
Axes           | |  2.6
Throwing       | |  2.6
Spellcasting   | |  1.0
Poison Magic   | |  1.0
Evocations     | |  1.0

Action                   |  1- 3 |  4- 6 |  7- 9 | 10-12 || total
-------------------------+-------+-------+-------+-------++-------
Melee: Hand axe          |   134 |   128 |   271 |    58 ||   591
       Punch             |     2 |     2 |     1 |     1 ||     6
       Dagger            |       |       |       |     5 ||     5
Throw: Dart              |    37 |    23 |    66 |    15 ||   141
       Stone             |       |       |     1 |     8 ||     9
       Boomerang         |       |       |       |     1 ||     1
 Cast: Sting             |       |       |     1 |     2 ||     3
Invok: Call Merchant     |       |       |       |     1 ||     1
Evoke: Wand              |       |       |     8 |     2 ||    10
  Use: Scroll            |     7 |    11 |    12 |     2 ||    32
       Potion            |       |       |     4 |       ||     4
 Stab: Sleeping          |       |     3 |     1 |       ||     4
       Distracted        |       |       |     2 |       ||     2
       Invisible         |       |       |     3 |       ||     3
Armor: Leather armour    |    41 |    23 |       |       ||    64
       Ring mail         |       |    30 |    74 |    20 ||   124
Dodge: Dodged            |    89 |   102 |   233 |    57 ||   481
Block: Buckler           |       |       |       |    40 ||    40

Table legend: (Time is in decaauts)
 A = Elapsed time spent in this place.
 B = Non-inter-level travel time spent in this place.
 C = Inter-level travel time spent in this place.
 D = Time resting spent in this place.
 E = Time spent auto-exploring this place.
 F = Levels seen in this place.
 G = Mean time per level.
                   A        B        C        D        E       F      G
               +--------+--------+--------+--------+--------+-----+--------+
         Total |  12136 |  11772 |    364 |   2685 |   6687 |  11 | 1103.3 |
       Dungeon |  11759 |  11421 |    338 |   2653 |   6551 |   9 | 1306.6 |
        Temple |     76 |     51 |     25 |      0 |     41 |   1 |   76.0 |
       Ossuary |    300 |    300 |      0 |     31 |     95 |   1 |  300.0 |
               +--------+--------+--------+--------+--------+-----+--------+

Top non-repeatable levels by time:
     D:8: 2632 daAuts
     D:1: 2170 daAuts
     D:5: 1338 daAuts
     D:2: 1299 daAuts
     D:4: 1236 daAuts
     D:7: 992 daAuts
     D:6: 729 daAuts
     D:3: 697 daAuts
     D:9: 661 daAuts
 Ossuary: 300 daAuts
  Temple: 76 daAuts
